 Dungeon Crawl Stone Soup version 0.21-a0-329-g12f17e1 (webtiles) character file.

5135 vishdafish the Fortune-Teller (level 10, -4/70 HPs)
             Began as a Demonspawn Skald on Oct 1, 2017.
             Was a Believer of Nemelex Xobeh.
             Slain by a yak (8 damage)
             ... on level 10 of the Dungeon.
             The game lasted 00:22:20 (7990 turns).

vishdafish the Fortune-Teller (Demonspawn Skald)    Turns: 7990, Time: 00:22:22

Health: -4/70      AC:  6    Str: 15    XL:     10   Next: 33%
Magic:  0/17       EV: 16    Int: 17    God:    Nemelex Xobeh [**....]
Gold:   458        SH:  0    Dex: 16    Spells: 14/19 levels left

rFire    . . .     SeeInvis .   x - +3 spear (flame)
rCold    + . .     Gourm    .   (no shield)
rNeg     . . .     Faith    .   s - +0 leather armour
rPois    .         Spirit   +   (helmet restricted)
rElec    .         Reflect  .   (no cloak)
rCorr    .         Harm     .   l - +0 pair of gloves
MR       +....     Clarity  +   (no boots)
Stlth    +.........             G - amulet of rage
HPRegen  0.21/turn              B - ring of wizardry
MPRegen  0.15/turn              P - +2 ring of evasion

@: singing, drained
A: antennae 1, slimy green scales 1, agile 2, clarity, cold resistance 1, magic
resistance 1, spiny 2, strong 1, magic shield
a: Renounce Religion, Evoke Berserk Rage


You were on level 10 of the Dungeon.
You worshipped Nemelex Xobeh.
Nemelex Xobeh was pleased with you.
You were not hungry.

You visited 1 branch of the dungeon, and saw 10 of its levels.
You also visited: Ossuary.

You collected 524 gold pieces.
You spent 66 gold pieces at shops.

Inventory:

Hand Weapons
 x - a +3 spear of flaming (weapon)
Missiles
 C - 6 tomahawks (quivered)
Armour
 l - a +0 pair of gloves (worn)
 s - a +0 leather armour (worn)
Jewellery
 B - a ring of wizardry (left hand)
 G - an amulet of rage (around neck)
 P - a +2 ring of evasion (right hand)
 S - an uncursed ring of protection from fire
Wands
 a - a wand of scattershot (4/9)
 o - a wand of acid (0/15)
 w - a wand of confusion (12/48)
 D - a wand of lightning (4/15)
 E - a wand of lightning (6/15)
 K - a wand of lightning (7/15)
 M - a wand of paralysis (13/24)
Scrolls
 h - 7 scrolls of remove curse
 i - 4 scrolls of enchant weapon
 j - a scroll of magic mapping
 k - 10 scrolls of teleportation
 n - 3 scrolls of amnesia
 q - 2 scrolls of blinking
 r - a scroll of immolation
 u - 2 scrolls of enchant armour
 y - a scroll of fog {unknown}
 F - 2 scrolls of recharging {unknown}
 I - 2 scrolls of torment {unknown}
 R - a scroll of vulnerability {unknown}
Potions
 b - a potion of agility {unknown}
 e - 6 potions of lignification
 f - 7 potions of curing
 g - a potion of might
 m - 6 potions of heal wounds
 t - a potion of mutation
 z - 2 potions of brilliance
 L - a potion of cancellation {unknown}
 N - 2 potions of haste {unknown}
 O - a potion of degeneration {unknown}
 Q - a potion of resistance {unknown}
 T - a potion of invisibility {unknown}
 V - 2 potions of flight {unknown}
Books
 c - a book of Battle

   Spells                             Type                      Level
   a - Infusion                       Charms                       1
   b - Shroud of Golubria             Charms/Translocation         2
   c - Song of Slaying                Charms                       2
   d - Spectral Weapon                Hexes/Charms                 3
   e - Regeneration                   Charms/Necromancy            3
 H - a book of Cantrips

   Spells                             Type                      Level
   a - Confusing Touch                Hexes                        1
   b - Animate Skeleton               Necromancy                   1
   c - Summon Small Mammal            Summoning                    1
   d - Apportation                    Translocation                1
Miscellaneous
 v - a plain deck of escape {drawn: 2}
 J - a plain deck of summoning {drawn: 5}
 U - a legendary deck of summoning
Comestibles
 d - 6 bread rations
 A - 4 meat rations


   Skills:
 - Level 3.0(2.9) Fighting
 + Level 8.6(8.5) Polearms
 - Level 3.0(2.9) Armour
 * Level 4.4 Dodging
 - Level 0.4(0.3) Stealth
 - Level 5.0(4.9) Spellcasting
 - Level 5.3 Charms
 - Level 10.2 Invocations


You had 14 spell levels left.
You knew the following spells:

 Your Spells              Type           Power        Failure   Level  Hunger
a - Infusion              Chrm           ###.         1%          1    None
b - Song of Slaying       Chrm           ###.....     1%          2    #......
c - Shroud of Golubria    Chrm/Tloc      ##........   3%          2    #......


Dungeon Overview and Level Annotations

Branches:
Dungeon (10/15)            Temple (0/1) D:6            Lair (0/6) D:8
    Orc: D:9-12

Altars:
Ashenzari
Dithmenos
Makhleb
Nemelex Xobeh
Ru
Trog
Wu Jian
Xom
Zin

Shops:
D:6 *   D:9 =


Innate Abilities, Weirdness & Mutations

You have a pair of small antennae on your head.
You are partially covered in slimy green scales. (AC +2)
You are mostly covered in sharp spines.
When hurt, damage is shared between your health and your magic reserves.
You are very agile. (Dex +4)
You possess an exceptional clarity of mind.
Your flesh is cold resistant. (rC+)
You are resistant to hostile enchantments. (MR+)
Your muscles are strong. (Str +2)


Message History

The yak gores you but does no damage.
You puncture the yak! You burn the yak.
The yak is heavily wounded.
The yak gores you!
* * * LOW HITPOINT WARNING * * *
The yak is struck by your spines. The yak gores you!
* * * LOW HITPOINT WARNING * * *
You hit the yak. You burn the yak.
The yak is severely wounded.
You barely miss the yak.
The yak is severely wounded.
The yak barely misses you. The yak is struck by your spines.
The yak barely misses you.
You hit the yak. You burn the yak.
The yak is almost dead.
The yak is struck by your spines. The yak gores you!
* * * LOW HITPOINT WARNING * * *
The yak gores you!
You die...
Your body disappears without a glow.

..#
#.#
#.#
#.#
#.#
#.#
#Y###
#@..#
#Y###
#.#
###


You could see 2 yaks.

Vanquished Creatures
  2 two-headed ogres
  A yak (D:10)
  Edmund (D:6)
  A water moccasin (D:8)
  3 orc warriors
  4 phantoms
  2 sky beasts
  5 ogres
  A necrophage (D:6)
  A centaur (D:5)
  A big kobold (D:7)
  A wyvern skeleton (D:7)
  2 water moccasin skeletons (D:4)
  A wight (D:8)
  2 howler monkeys
  3 crimson imps
  A bullfrog zombie (Ossuary)
  4 centaur zombies (Ossuary)
  5 hounds
  3 jellies
  An orc priest (D:6)
  7 orc wizards
  A bullfrog skeleton (D:6)
  An iguana (D:4)
  3 worker ants
  2 hound zombies (Ossuary)
  3 worker ant zombies (Ossuary)
  17 mummies
  4 gnolls
  6 adders
  A shadow imp (D:5)
  2 oozes
  3 adder zombies
  2 adder skeletons
  6 worms
  2 dart slugs
  4 leopard geckos
  25 orcs
  4 giant cockroaches
  11 hobgoblins
  12 jackals
  7 kobolds
  2 quokkas
  A ball python zombie (Ossuary)
  3 bats (D:1)
  8 frilled lizards
  A giant cockroach zombie (Ossuary)
  7 goblins
  A jackal zombie (Ossuary)
  A kobold zombie (D:8)
  A leopard gecko zombie (D:6)
  An orc zombie (D:8)
  13 rats
207 creatures vanquished.

Vanquished Creatures (collateral kills)
  2 orc warriors (D:8)
  2 centaurs (D:8)
  A bullfrog (D:8)
  3 wights (D:8)
  An orc wizard (D:8)
  4 orcs (D:8)
13 creatures vanquished.

Vanquished Creatures (others)
  2 withered plants (Ossuary)
2 creatures vanquished.

Grand Total: 222 creatures vanquished

Notes
Turn   | Place    | Note
-------+----------+-------------------------------------------
     0 | D:1      | vishdafish the Demonspawn Skald began the quest for the Orb.
     0 | D:1      | Reached XP level 1. HP: 16/16 MP: 3/3
   176 | D:1      | Gained mutation: When hurt, damage is shared between your health and your magic reserves. [demonic ancestry]
   176 | D:1      | Reached XP level 2. HP: 17/22 MP: 5/5
   360 | D:1      | Reached skill level 1 in Armour
   446 | D:1      | Gained mutation: You are partially covered in sharp spines. [demonic ancestry]
   446 | D:1      | Reached XP level 3. HP: 24/28 MP: 6/6
  1418 | D:2      | Gained mutation: You have a pair of small antennae on your head. [demonic ancestry]
  1418 | D:2      | Reached XP level 4. HP: 34/34 MP: 7/7
  1427 | D:2      | Found an ornate altar of the Wu Jian Council.
  1626 | D:3      | Found a shattered altar of Ashenzari.
  1970 | D:3      | Reached XP level 5. HP: 35/40 MP: 3/8
  2443 | D:4      | Noticed an ogre
  2451 | D:4      | Killed an ogre
  2451 | D:4      | Reached XP level 6. HP: 24/47 MP: 1/10
  2801 | D:4      | Gained mutation: You are partially covered in slimy green scales. (AC +2) [demonic ancestry]
  2801 | D:4      | Reached XP level 7. HP: 29/52 MP: 2/11
  2915 | D:4      | Found a sparkling altar of Nemelex Xobeh.
  2944 | D:4      | Reached skill level 5 in Polearms
  2971 | D:4      | Became a worshipper of Nemelex Xobeh the Trickster
  3047 | D:4      | Received a gift from Nemelex Xobeh
  3236 | D:4      | Reached skill level 1 in Invocations
  3497 | D:5      | Entered Level 5 of the Dungeon
  3668 | D:5      | Reached skill level 2 in Invocations
  3677 | D:5      | Found a shadowy altar of Dithmenos.
  3720 | D:5      | Reached skill level 3 in Invocations
  3726 | D:5      | Gained mutation: You tend to lose your temper in combat. [mutagenic meat]
  3727 | D:5      | Gained mutation: You are dopey. (Int -2) [mutagenic meat]
  3728 | D:5      | Gained mutation: You are weak. (Str -2) [mutagenic meat]
  3729 | D:5      | Gained mutation: Armour fits poorly on your strangely shaped body. [mutagenic meat]
  3869 | D:5      | Reached skill level 4 in Invocations
  3894 | D:5      | Noticed a moth of wrath
  3896 | D:5      | Found a bloodstained altar of Trog.
  3969 | D:5      | Gained mutation: You are mostly covered in sharp spines. [demonic ancestry]
  3969 | D:5      | Reached XP level 8. HP: 35/58 MP: 5/12
  4039 | D:5      | Reached skill level 5 in Invocations
  4196 | D:5      | Reached * piety under Nemelex Xobeh
  4429 | D:6      | Found Goomosh's Assorted Antiques.
  4436 | D:6      | Bought a scroll of identify for 44 gold pieces
  4436 | D:6      | Bought a scroll labeled QAEMUC SAERRETS for 22 gold pieces
  4437 | D:6      | Lost mutation: You are weak. (Str -2) [potion of mutation]
  4437 | D:6      | Lost mutation: You are dopey. (Int -2) [potion of mutation]
  4437 | D:6      | Lost mutation: Armour fits poorly on your strangely shaped body. [potion of mutation]
  4437 | D:6      | Lost mutation: You tend to lose your temper in combat. [potion of mutation]
  4437 | D:6      | Gained mutation: You possess an exceptional clarity of mind. [potion of mutation]
  4437 | D:6      | Gained mutation: Your muscles are strong. (Str +2) [potion of mutation]
  4437 | D:6      | Gained mutation: You are agile. (Dex +2) [potion of mutation]
  4437 | D:6      | Gained mutation: You are resistant to hostile enchantments. (MR+) [potion of mutation]
  4590 | D:6      | Found a burning altar of Makhleb.
  4597 | D:6      | Reached skill level 6 in Invocations
  4682 | D:6      | Reached skill level 7 in Invocations
  4933 | D:6      | Learned a level 2 spell: Song of Slaying
  4936 | D:6      | Learned a level 2 spell: Shroud of Golubria
  4985 | D:6      | Noticed Edmund
  5021 | D:6      | Killed Edmund
  5021 | D:6      | Reached skill level 8 in Invocations
  5027 | D:6      | Found a staircase to the Ecumenical Temple.
  5436 | D:6      | Found a shimmering altar of Xom.
  5572 | D:7      | Gained mutation: Scrolls take you a little longer to read. [mutagenic meat]
  5573 | D:7      | Gained mutation: You are very agile. (Dex +4) [mutagenic meat]
  5574 | D:7      | Gained mutation: Your flesh is cold resistant. (rC+) [mutagenic meat]
  5575 | D:7      | Lost mutation: Scrolls take you a little longer to read. [mutagenic meat]
  5661 | D:7      | Reached XP level 9. HP: 39/63 MP: 9/15
  5675 | D:7      | Noticed a two-headed ogre
  5691 | D:7      | Killed a two-headed ogre
  5691 | D:7      | Reached skill level 10 in Invocations
  6054 | D:7      | Reached ** piety under Nemelex Xobeh
  6582 | D:8      | Found a sacrificial altar of Ru.
  6626 | D:8      | Noticed a two-headed ogre
  6648 | D:8      | Killed a two-headed ogre
  6648 | D:8      | Reached skill level 5 in Charms
  6675 | D:8      | Received a gift from Nemelex Xobeh
  6691 | D:8      | Found a glowing silver altar of Zin.
  6833 | D:8      | Reached XP level 10. HP: 34/70 MP: 9/17
  7040 | D:8      | Found a sand-covered staircase.
  7046 | Ossuary  | Entered an ossuary
  7059 | Ossuary  | Reached skill level 5 in Spellcasting
  7468 | D:8      | Received a gift from Nemelex Xobeh
  7768 | D:8      | Found a staircase to the Lair.
  7827 | D:9      | Found Watoxobi's Jewellery Boutique.
  7829 | D:10     | Entered Level 10 of the Dungeon
  7990 | D:10     | Slain by a yak

Vault maps used:
D:1:      mrwooster_arrival_arrow
D:2:      nicolae_overflow_hidden_temple, first_bread
D:3:      cheibrodos_ashenzari_chains, minivault_24
D:4:      nemelex_diamond_rough_becter
D:5:      tgw_trog, serial_glass, glass_columns_b, glass_columns_a,
          minivault_27, kennysheep_small_spiral,
          grunt_dithmenos_smoke_and_mirrors
D:6:      bloody_makhleb, lemuel_round_altar, temple_hall, serial_shops, shop,
          uniq_edmund
D:8:      zin_treasury, lair_entry_dummy, nicolae_ossuary_entry_giza,
          grunt_ogre_cave, nicolae_ru_sacrificial_ziggurat
D:9:      gammafunk_temple_overflow_claw, serial_shops, nicolae_shop_crystal
D:10:     uniq_harold
Ossuary:  ossuary_zaba_flooded

Skill      XL: |  1  2  3  4  5  6  7  8  9 10 |
---------------+-------------------------------+-----
Dodging        | 2 3 4 |  4.4
Charms         | 3 4 5 |  5.3
Armour         | 1 2 3 |  3.0
Polearms       | 2 3 4 5 6 8 |  8.6
Fighting       | 3 |  3.0
Spellcasting   | 3 4 5 |  5.0
Invocations    | 4 8 10 | 10.2
Stealth        | |  0.4

Action                   |  1- 3 |  4- 6 |  7- 9 | 10-12 || total
-------------------------+-------+-------+-------+-------++-------
Melee: Spear             |   135 |    46 |   318 |   172 ||   671
       Trident           |       |    89 |    27 |       ||   116
 Cast: Infusion          |     3 |     7 |     7 |       ||    17
       Shroud of Golubri |       |       |     8 |    12 ||    20
       Song of Slaying   |       |       |     2 |     7 ||     9
Evoke: Deck              |       |       |     4 |     3 ||     7
       Wand              |       |       |     2 |     2 ||     4
  Use: Scroll            |       |       |    12 |     5 ||    17
       Potion            |       |       |     1 |       ||     1
 Stab: Sleeping          |     3 |     1 |       |     1 ||     5
       Confused          |       |       |     4 |       ||     4
  Eat: Chunk             |     1 |     5 |    20 |     1 ||    27
       Royal jelly       |       |       |     1 |       ||     1
       Bread ration      |       |       |       |     1 ||     1
Armor: Leather armour    |    27 |    22 |    43 |    12 ||   104
Dodge: Dodged            |    72 |    72 |   104 |    35 ||   283

Table legend:
 A = Spawn XP
 B = Non-spawn XP
 C = Spawn XP percentage of total XP
 D = Spawn monster count
 E = Non-spawn monster count
 F = Spawn count percentage of total count
 G = Total turns spent on level
                    A         B        C        D         E        F      G
               +---------+---------+-------+---------+---------+-------+---------
         Total |       0 |    7336 |   0.0 |       0 |     220 |   0.0 |  7990
               +---------+---------+-------+---------+---------+-------+---------
           D:1 |       0 |      53 |   0.0 |       0 |      31 |   0.0 |   882
           D:2 |       0 |      45 |   0.0 |       0 |      17 |   0.0 |   701
           D:3 |       0 |     173 |   0.0 |       0 |      31 |   0.0 |   773
           D:4 |       0 |     624 |   0.0 |       0 |      17 |   0.0 |  1209
           D:5 |       0 |     730 |   0.0 |       0 |      18 |   0.0 |   864
           D:6 |       0 |     903 |   0.0 |       0 |      18 |   0.0 |  1048
           D:7 |       0 |    1864 |   0.0 |       0 |      23 |   0.0 |  1076
           D:8 |       0 |    1967 |   0.0 |       0 |      30 |   0.0 |   910
           D:9 |       0 |      88 |   0.0 |       0 |       3 |   0.0 |    37
          D:10 |       0 |     206 |   0.0 |       0 |       1 |   0.0 |   147
       Ossuary |       0 |     683 |   0.0 |       0 |      31 |   0.0 |   343
               +---------+---------+-------+---------+---------+-------+---------
